 Dungeon Crawl Stone Soup version 0.25-a0-410-g53dbb631d1 (webtiles) character file.

Game seed: 2701729530601483143, levelgen mode: deterministic

78302 LairdRich the Warrior (level 15, -3/141 HPs)
             Began as a Minotaur Berserker on Jan 11, 2020.
             Was a High Priest of Trog.
             Killed from afar by Jorgrun (15 damage)
             ... with an iron shot
             ... while petrified by Jorgrun
             ... on level 1 of the Orcish Mines on Jan 13, 2020.
             The game lasted 02:10:11 (24302 turns).

LairdRich the Warrior (Minotaur Berserker)         Turns: 24302, Time: 02:10:12

Health: -3/141     AC: 28    Str: 31    XL:     15   Next: 17%
Magic:  14/14      EV:  2    Int:  4    God:    Trog [*****.]
Gold:   1569       SH:  0    Dex: 11    Spells: 14/14 levels left

rFire    + + +     SeeInvis +   a - +9 falchion of Qazlal's Scorn {speed, rElec rF+}
rCold    + . .     Gourm    .   n - +1 large shield
rNeg     + + +     Faith    .   t - +4 chain mail
rPois    ∞         Spirit   .   Q - +2 hat
rElec    +         Reflect  +   (no cloak)
rCorr    +         Harm     .   q - +0 pair of gloves of Moral Flaws {rC+ rCorr Str+4}
MR       ++...                  U - +2 pair of boots of the Ageless Continents {rPois rF+ rN+ SInv}
Stlth    ..........             B - +4 amulet of reflection
HPRegen  0.33/turn              J - ring "Joum" {rPois rF+ MR+ SInv}
MPRegen  0.14/turn              c - +4 ring of protection

@: petrified, very slightly contaminated
A: retaliatory headbutt, horns 2
a: Berserk, Trog's Hand, Brothers in Arms, Renounce Religion


You were on level 1 of the Orcish Mines.
You worshipped Trog.
Trog was extremely pleased with you.
You were not hungry.

You visited 3 branches of the dungeon, and saw 22 of its levels.
You also visited: Volcano.

You collected 2065 gold pieces.
You spent 496 gold pieces at shops.

Inventory:

Hand Weapons
 a - the +9 falchion of Qazlal's Scorn (weapon) {speed, rElec rF+}
   (You took it off an orc wizard on level 10 of the Dungeon)

   Attacks with this weapon are significantly faster.
   It protects you from fire.
   It insulates you from electricity.
 b - a +2 scimitar of flaming
 M - a +4 demon blade of flaming
 N - a +3 broad axe
Armour
 n - a +1 large shield (worn)
 q - the +0 pair of gloves of Moral Flaws (worn) {rC+ rCorr Str+4}
   (You found it on level 4 of the Dungeon)

   It affects your strength (+4).
   It protects you from cold.
   It provides partial protection from all sources of acid and corrosion.
 t - a +4 chain mail (worn)
 Q - a +2 hat (worn)
 U - the +2 pair of boots of the Ageless Continents (worn) {rPois rF+ rN+ SInv}
   (You found it on level 6 of the Lair of Beasts)

   It protects you from fire.
   It protects you from poison.
   It protects you from negative energy.
   It lets you see invisible.
Jewellery
 c - a +4 ring of protection (right hand)
 A - an uncursed amulet of the acrobat
 B - a +4 amulet of reflection (around neck)
 C - an uncursed ring of positive energy
 G - an uncursed ring of ice
 J - the ring "Joum" (left hand) {rPois rF+ MR+ SInv}
   (You acquired it on level 3 of the Lair of Beasts)

   [ring of protection from magic]

   It protects you from fire.
   It protects you from poison.
   It affects your resistance to hostile enchantments.
   It lets you see invisible.
Wands
 k - a wand of acid (7)
 m - a wand of flame (58)
 z - a wand of enslavement (29)
 D - a wand of paralysis (9)
 F - a wand of iceblast (8)
 T - a wand of random effects (13)
Scrolls
 d - 3 scrolls of enchant weapon
 g - a scroll of fog
 h - 11 scrolls of teleportation
 s - 7 scrolls of remove curse
 v - 2 scrolls of brand weapon
 w - 12 scrolls of identify
 y - 2 scrolls of magic mapping
 H - 2 scrolls of enchant armour
 K - 4 scrolls of fear
 O - a scroll of summoning
 R - a scroll of blinking
Potions
 f - 5 potions of flight
 i - 8 potions of might
 j - 3 potions of cancellation
 l - 5 potions of berserk rage
 o - a potion of heal wounds
 p - 9 potions of curing
 u - 4 potions of lignification
 x - 3 potions of resistance
 E - 4 potions of agility
 I - 3 potions of haste
 L - 2 potions of invisibility
Comestibles
 e - 22 rations
 r - 8 chunks of flesh


   Skills:
 + Level 15.3 Fighting
 - Level 14.0 Long Blades
 - Level 13.2 Axes
 + Level 15.2 Armour
 - Level 2.1 Dodging
 + Level 14.0 Shields


You had 14 spell levels left.
You didn't know any spells.
Your spell library was empty.

Dungeon Overview and Level Annotations

Branches:
Dungeon (14/15)            Temple (0/1) D:6            Lair (6/6) D:9
 Shoals (0/4) Lair:3       Spider (0/4) Lair:4        Slime (0/5) Lair:6
    Orc (2/2) D:11         Vaults (0/5) D:14        Volcano (visited)
    Elf: Orc:2

Altars:
Ashenzari
Hepliaklqana
Kikubaaqudgha
Nemelex Xobeh
Qazlal
Ru
Sif Muna
Wu Jian
The Shining One
Beogh

Shops:
D:6 %   Orc:1 [   Orc:2 }?

Annotations:
D:4 Prince Ribbit
Lair:1 exclusion: oklob plant
Lair:5 exclusion: oklob plant
Orc:1 Jorgrun


Innate Abilities, Weirdness & Mutations

You reflexively headbutt those who attack you in melee.
You have a pair of horns on your head.


Message History

The orc warrior hits you but does no damage.
Some of the chunks of flesh in your inventory have rotted away.
The orc no longer looks unusually strong.
The orc hits you but does no damage.
The orc warlord roars a battlecry!
The orcs go into a battle-frenzy!
The orc hits you but does no damage. Jorgrun hits you but does no damage.
Jorgrun crushes you!
* * * LOW HITPOINT WARNING * * *
The orc hits you but does no damage. The orc barely misses you.
The orc warlord hits you but does no damage.
The orc warrior hits you with a +0 long sword!
* * * LOW HITPOINT WARNING * * *
The orc hits you but does no damage.
The orc warrior hits you from afar with a +0 glaive.
* * * LOW HITPOINT WARNING * * *
Jorgrun gestures at you while chanting. The iron shot hits you!!
You die...

.# ######..gh.. ##
##.#.#....... #
#........#...
#...o...##...
#######.....o#.....
###.........#........
###....................
#....oooo........##....
#o@go......###
###.#...#.## #...####
#...## #..## ..# ..#
..#


You could see Jorgrun, an orc warlord, 2 orc warriors and 3 orcs.

Vanquished Creatures
  7 dire elephants
  Fannar (D:10)
  Josephine (Lair:6)
  3 hydras
  A vault guard (D:14)
  An anaconda (Lair:6)
  Erica (D:9)
  2 tengu warriors
  A dancing weapon (Volcano)
  A death knight (D:13)
  A two-headed ogre (D:13)
  An orc high priest (Orc:2)
  Nergalle (Lair:4)
  A skeletal warrior (D:13)
  5 unseen horrors
  An orc knight (Orc:2)
  5 wizards (Volcano)
  2 phantasmal warriors (D:13)
  A wolf spider zombie (D:12)
  An orc sorcerer (Orc:1)
  A manticore (D:14)
  12 ugly things
  A cyclops (D:11)
  5 toenail golems (Volcano)
  2 centaur zombies (D:14)
  21 elephants
  3 black mambas
  Psyche (D:12)
  Maggie (Lair:3)
  An efreet (D:13)
  11 spiny frogs
  A kobold demonologist (D:14)
  7 komodo dragons
  A freezing wraith (D:13)
  2 rime drakes
  A tengu conjurer (D:13)
  5 trolls
  A polar bear (Lair:4)
  2 hornets
  9 blink frogs
  A snapping turtle (Lair:3)
  7 hippogriffs
  5 wraiths
  6 wyverns
  28 yaks
  2 shadows (D:12)
  5 hungry ghosts
  3 basilisks (Lair:2)
  14 vampire mosquitoes
  Menkaure (D:5)
  6 water moccasins
  3 wargs
  7 porcupines
  13 ice beasts
  36 orc warriors
  2 sky beasts
  13 ogres
  2 phantoms
  13 wolves
  9 centaurs
  8 big kobolds
  9 crocodiles
  14 bullfrogs
  2 gnoll sergeants
  A wyvern skeleton (D:13)
  3 scorpions
  3 wights (D:12)
  3 killer bees (D:11)
  2 howler monkeys
  An electric eel (Lair:3)
  7 crimson imps
  A bullfrog zombie (D:5)
  6 hounds
  18 orc priests
  4 jellies
  4 bullfrog skeletons
  2 centaur skeletons
  2 iguanas
  8 worker ants
  18 orc wizards
  A hound zombie (D:7)
  2 hound skeletons
  A worker ant zombie (D:9)
  9 adders
  23 gnolls
  A shadow imp (D:9)
  4 oozes
  2 adder skeletons
  5 worms
  2 dart slugs (D:1)
  5 leopard geckos
  86 orcs
  A ball python (D:5)
  8 bats
  6 giant cockroaches
  5 hobgoblins
  12 jackals
  4 frilled lizards
  9 goblins
  20 kobolds
  A quokka skeleton (D:4)
  6 rats
  2 plants (Lair:6)
633 creatures vanquished.

Vanquished Creatures (others)
  4 centaur warriors
  Sonja (Lair:6)
  A cyclops (D:13)
  An orc warrior (D:11)
  7 centaurs
  An orc (Orc:1)
  9 fungi
  7 plants
31 creatures vanquished.

Grand Total: 664 creatures vanquished

Notes
Turn   | Place    | Note
-------+----------+-------------------------------------------
     0 | D:1      | LairdRich the Minotaur Berserker began the quest for the
                  | Orb.
     0 | D:1      | Reached XP level 1. HP: 19/19 MP: 0/0
    85 | D:1      | Reached XP level 2. HP: 23/27 MP: 1/1
   485 | D:1      | Reached XP level 3. HP: 30/33 MP: 2/2
   599 | D:1      | Reached ** piety under Trog
   890 | D:2      | You fall into a shaft and drop 1 floor!
   930 | D:3      | Reached skill level 5 in Axes
   930 | D:3      | Reached XP level 4. HP: 40/40 MP: 3/3
  1052 | D:3      | You fall into a shaft and drop 1 floor!
  1118 | D:4      | Reached XP level 5. HP: 42/47 MP: 4/4
  1576 | D:2      | Found a sacrificial altar of Ru.
  2004 | D:2      | Upgraded the game from 0.25-a0-404-gc1b5a34292 to
                  | 0.25-a0-410-g53dbb631d1
  2308 | D:3      | Reached skill level 5 in Fighting
  2317 | D:3      | Found a glowing golden altar of the Shining One.
  2550 | D:4      | Noticed a phantom
  2588 | D:4      | Killed a phantom
  2588 | D:4      | Reached XP level 6. HP: 34/56 MP: 5/5
  3114 | D:4      | Reached *** piety under Trog
  3410 | D:4      | Found a shattered altar of Ashenzari.
  3417 | D:4      | Found an ornate altar of the Wu Jian Council.
  3419 | D:4      | Got a pair of translucent gloves
  3421 | D:4      | Identified the +0 pair of gloves of Moral Flaws {rC+ rCorr
                  | Str+4} (You found it on level 4 of the Dungeon)
  3714 | D:4      | You fall into a shaft and drop 1 floor!
  3714 | D:5      | Entered Level 5 of the Dungeon
  3721 | D:4      | Found a hazy altar of Hepliaklqana.
  3721 | D:4      | Found a sparkling altar of Nemelex Xobeh.
  3724 | D:4      | Found a stormy altar of Qazlal.
  3878 | D:5      | Reached XP level 7. HP: 59/62 MP: 6/6
  3878 | D:5      | Reached skill level 5 in Armour
  3893 | D:5      | Noticed Menkaure
  4131 | D:5      | Killed Menkaure
  4717 | D:5      | Reached XP level 8. HP: 67/71 MP: 7/7
  4840 | D:5      | Noticed Prince Ribbit
  5459 | D:6      | Found a sparkling altar of Nemelex Xobeh.
  5472 | D:6      | Reached skill level 1 in Shields
  5742 | D:6      | Found a staircase to the Ecumenical Temple.
  5770 | D:6      | Reached **** piety under Trog
  5914 | D:6      | Found Tuxzam's Food Shop.
  6037 | D:6      | Reached skill level 10 in Axes
  6753 | D:7      | Reached XP level 9. HP: 80/80 MP: 8/8
  6938 | D:8      | You fall into a shaft and drop 3 floors!
  7353 | D:11     | Noticed a green ugly thing
  7369 | D:11     | Killed a green ugly thing
  7868 | D:10     | Entered Level 10 of the Dungeon
  7900 | D:10     | Reached skill level 5 in Shields
  8028 | D:10     | Noticed Fannar
  8051 | D:10     | Killed Fannar
  8051 | D:10     | Reached XP level 10. HP: 59/91 MP: 9/9
  8112 | D:10     | Identified the +9 falchion of Qazlal's Scorn {speed, rElec
                  | rF+}
  9516 | D:9      | Noticed Erica
  9537 | D:9      | Killed Erica
  9660 | D:9      | Found a staircase to the Lair.
  9792 | D:9      | Found a shimmering blue altar of Sif Muna.
 10088 | D:10     | Killed an unseen horror
 10088 | D:10     | Reached skill level 10 in Fighting
 10284 | D:10     | Found an ancient bone altar of Kikubaaqudgha.
 10323 | D:10     | You fall into a shaft and drop 2 floors!
 10379 | D:12     | Reached skill level 1 in Long Blades
 10409 | D:12     | Killed an unseen horror
 10409 | D:12     | Reached XP level 11. HP: 86/99 MP: 10/10
 10437 | D:12     | Noticed a four-headed hydra
 10678 | D:10     | Reached ***** piety under Trog
 10678 | D:10     | Received a gift from Trog
 10982 | Lair:1   | Entered Level 1 of the Lair of Beasts
 10982 | Lair:1   | Found a shattered altar of Ashenzari.
 11110 | Lair:1   | Noticed an oklob plant
 11220 | Lair:1   | Reached skill level 10 in Armour
 11980 | Lair:2   | Reached skill level 5 in Long Blades
 13082 | Lair:3   | Reached XP level 12. HP: 95/110 MP: 11/11
 13650 | Lair:3   | Received a gift from Trog
 13894 | Lair:3   | Found a staircase to the Shoals.
 14146 | Lair:3   | Noticed Maggie
 14168 | Lair:3   | Killed Maggie
 14203 | Lair:3   | Identified a scroll of acquirement
 14203 | Lair:3   | Identified the ring "Joum" {rPois rF+ MR+ SInv} (You
                  | acquired it on level 3 of the Lair of Beasts)
 14203 | Lair:3   | Identified the -1 pair of gloves of Wrong Decisions {Str+2
                  | Slay+3} (You acquired it on level 3 of the Lair of Beasts)
 14355 | Lair:4   | Noticed an eight-headed hydra
 14482 | Lair:4   | Reached skill level 10 in Long Blades
 14482 | Lair:4   | Reached skill level 10 in Shields
 14744 | Lair:4   | Noticed a dire elephant
 14781 | Lair:4   | Killed a dire elephant
 14854 | Lair:4   | Noticed Nergalle
 14867 | Lair:4   | Killed Nergalle
 14867 | Lair:4   | Reached XP level 13. HP: 99/119 MP: 12/12
 15851 | Lair:4   | Found a hole to the Spider Nest.
 17013 | Lair:6   | Entered Level 6 of the Lair of Beasts
 17101 | Lair:6   | Noticed Sonja
 17146 | Lair:6   | Killed Sonja
 17203 | Lair:6   | Received a gift from Trog
 17251 | Lair:6   | Found a dark tunnel.
 17262 | Volcano  | Entered a volcano
 17761 | Lair:6   | Found a staircase to the Slime Pits.
 17811 | Lair:6   | Noticed Josephine
 17826 | Lair:6   | Killed Josephine
 18530 | Lair:6   | Noticed a dire elephant
 18530 | Lair:6   | Noticed a dire elephant
 18550 | Lair:6   | Killed a dire elephant
 18567 | Lair:6   | Killed a dire elephant
 18741 | Lair:6   | Noticed a dire elephant
 18769 | Lair:6   | Got a pair of heavily runed boots
 18787 | Lair:6   | Identified the +2 pair of boots of the Ageless Continents
                  | {rPois rF+ rN+ SInv} (You found it on level 6 of the Lair
                  | of Beasts)
 18812 | Lair:6   | Killed a dire elephant
 18867 | Lair:6   | Noticed a dire elephant
 18878 | Lair:6   | Noticed a dire elephant
 18884 | Lair:6   | Killed a dire elephant
 18913 | Lair:6   | Killed a dire elephant
 18913 | Lair:6   | Reached XP level 14. HP: 97/129 MP: 13/13
 19701 | D:11     | Found a staircase to the Orcish Mines.
 19730 | D:11     | Received a gift from Trog
 20249 | D:12     | Found a stormy altar of Qazlal.
 20333 | D:12     | Noticed Psyche
 20341 | D:12     | Killed Psyche
 21790 | D:13     | Received a gift from Trog
 22508 | D:14     | Reached skill level 15 in Fighting
 22565 | D:14     | Reached XP level 15. HP: 135/141 MP: 14/14
 22581 | D:14     | Found a gate to the Vaults.
 22794 | Orc:1    | Entered Level 1 of the Orcish Mines
 22848 | Orc:1    | Found Toqulu's Armour Emporium.
 22941 | Orc:2    | Entered Level 2 of the Orcish Mines
 23155 | Orc:1    | Received a gift from Trog
 23276 | Orc:2    | Found a roughly hewn altar of Beogh.
 23286 | Orc:2    | Found Isuim's Gadget Boutique.
 23442 | Orc:2    | Found a roughly hewn altar of Beogh.
 23447 | Orc:2    | Found Tealib's Magic Scroll Shoppe.
 23461 | Orc:2    | Reached skill level 15 in Armour
 23467 | Orc:2    | Bought a scroll of enchant armour for 120 gold pieces
 23467 | Orc:2    | Bought a scroll of magic mapping for 56 gold pieces
 23467 | Orc:2    | Bought a scroll of brand weapon for 320 gold pieces
 23609 | Orc:2    | Found a roughly hewn altar of Beogh.
 23736 | Orc:2    | Received a gift from Trog
 23799 | Orc:1    | Noticed Jorgrun
 24244 | Orc:1    | Noticed an orc warlord
 24302 | Orc:1    | Killed from afar by Jorgrun

Levels and vault maps discovered:
D:1:      lightli_iron_boxes, layout_basic, chequers_serial_rivers_micro_e,
          minmay_distorted
D:2:      layout_loops_ring, first_ration, nicolae_ru_the_path_less_chosen
D:3:      layout_rooms, lemuel_doored_altar
D:4:      layout_loops_ring, nicolae_overflow_hidden_temple, serial_forest,
          infiniplex_forest_straight_2, infiniplex_forest_lined_3_way,
          infiniplex_forest_clump_C, infiniplex_forest_lined_2,
          infiniplex_forest_straight_4, infiniplex_forest_clump_curved,
          infiniplex_forest_clump_curved, infiniplex_forest_straight_3,
          infiniplex_forest_end_2, infiniplex_forest_lined_2
D:5:      layout_cave_pools, serial_column_ruins, column_ruins_hut,
          column_ruins_hut_ruined, column_ruins_corridor_straight,
          column_ruins_columns_T, column_ruins_grid_1, column_ruins_grid_1,
          column_ruins_corridor_straight, uniq_prince_ribbit1, uniq_menkaure
D:6:      layout_cave_pods, minmay_temple_entry_grid, serial_shops, shop,
          basic_altar
D:7:      layout_basic
D:8:      layout_loops_corners
D:9:      layout_cave_pools, led_sif_pool, lair_entry_dummy, uniq_erica
D:10:     layout_roguey, blue_anna_alchemist [blue_anna_fruit_fields,
          blue_anna_fruit_fields], minmay_ruined_shrine, uniq_fannar
D:11:     layout_basic, kennysheep_orc_monster_closet_entryway, chequers_jeans
D:12:     layout_rooms, basic_altar, uniq_psyche
D:13:     layout_stronghold
D:14:     layout_basic, david_vaults_5
Lair:1:   layout_misc_corridors, basic_altar, minmay_lair_oklob_bushes,
          beast_lair_carwin_11
Lair:2:   beast_lair_carwin_large_2, layout_cave_shapes
Lair:3:   layout_regular_city, minmay_shoals_entry_hut,
          grunt_forest_small_clearings, nicolae_quartered_pool_little,
          infiniplex_staircase_pool, uniq_maggie
Lair:4:   beast_lair_carwin_large_4, layout_concentric_octagons,
          spider_nest_entry_web_field, uniq_nergalle
Lair:5:   layout_misc_corridors, minmay_lair_oklob_chamber, grunt_megastairs_1
Lair:6:   due_jungle_book, layout_gridlike, nicolae_slime_entry_slimehenge,
          portal_ice_cave_entry_ice_beasts, nicolae_volcano_entry_lava_flow,
          uniq_sonja, uniq_josephine
Orc:1:    layout_caves, serial_shops, shop, uniq_jorgrun
Orc:2:    grunt_orc_community_town_hall, layout_caves,
          grunt_orc_community_big_house_2, grunt_orc_community_big_house_2,
          grunt_orc_community_house_3, grunt_orc_community_house_3,
          grunt_orc_community_house_1, grunt_orc_community_house_2,
          grunt_orc_community_house_3

Skill      XL: |  1  2  3  4  5  6  7  8  9 10 11 12 13 14 15 |
---------------+----------------------------------------------+-----
Axes           | 4 5 6 7 8 10 12 13 | 13.2
Fighting       | 4 5 6 7 9 10 11 12 13 15 | 15.3
Armour         | 3 4 5 7 8 9 11 12 13 14 15 | 15.2
Shields        | 2 5 7 9 10 11 13 14 | 14.0
Long Blades    | 2 7 11 13 14 | 14.0
Dodging        | |  2.1

Action                   |  1- 3 |  4- 6 |  7- 9 | 10-12 | 13-15 || total
-------------------------+-------+-------+-------+-------+-------++-------
Melee: Hand axe          |    67 |   165 |   292 |   204 |       ||   728
       Headbutt          |     9 |    37 |    51 |   192 |   411 ||   700
       Falchion          |       |       |       |   581 |  1205 ||  1786
       Scimitar          |       |       |       |       |   105 ||   105
Invok: Berserk           |       |     3 |     3 |     2 |     2 ||    10
       Trog's Hand       |       |       |     2 |     3 |     2 ||     7
  Use: Scroll            |       |     3 |     7 |    25 |     9 ||    44
       Potion            |       |       |       |       |     4 ||     4
  Eat: Chunk             |       |     4 |     3 |     9 |    21 ||    37
       Ration            |       |     2 |     5 |     5 |     4 ||    16
Armor: Animal skin       |    16 |       |       |       |       ||    16
       Scale mail        |       |    53 |       |       |       ||    53
       Chain mail        |       |    17 |    55 |   171 |   346 ||   589
       Plate armour      |       |       |    43 |    27 |       ||    70
Dodge: Dodged            |    45 |    76 |    59 |    50 |   122 ||   352
Block: Large shield      |       |       |   120 |   635 |  1089 ||  1844
       Reflection        |       |       |    15 |    12 |    66 ||    93
       Rpst.: Falchion   |       |       |       |     9 |    17 ||    26
       Scimitar          |       |       |       |       |     2 ||     2

Table legend:
 A = Non-vault XP
 B = Vault XP
 C = Vault XP percentage of total XP
 D = Non-vault monster count
 E = Vault monster count
 F = Vault count percentage of total count
                 A         B        C        D         E       F
            +---------+---------+-------+---------+---------+-------
      Total |   76405 |   35455 |  31.7 |     497 |     149 |  23.1
            +---------+---------+-------+---------+---------+-------
        D:1 |      69 |       5 |   6.8 |      29 |       4 |  12.1
        D:2 |      73 |       0 |   0.0 |      21 |       0 |   0.0
        D:3 |      94 |       0 |   0.0 |      21 |       0 |   0.0
        D:4 |     552 |       0 |   0.0 |      25 |       0 |   0.0
        D:5 |     886 |     169 |  16.0 |      25 |       1 |   3.8
        D:6 |     692 |       0 |   0.0 |      17 |       0 |   0.0
        D:7 |     294 |       0 |   0.0 |       5 |       0 |   0.0
        D:8 |    1029 |       0 |   0.0 |      22 |       0 |   0.0
        D:9 |     441 |     951 |  68.3 |      11 |       2 |  15.4
       D:10 |     880 |    2728 |  75.6 |      14 |      11 |  44.0
       D:11 |    4774 |    1392 |  22.6 |      24 |      19 |  44.2
       D:12 |    6049 |     424 |   6.6 |      29 |       1 |   3.3
       D:13 |    9477 |       0 |   0.0 |      28 |       0 |   0.0
       D:14 |   13227 |    2511 |  16.0 |      39 |       4 |   9.3
     Lair:1 |    1642 |     688 |  29.5 |       9 |       2 |  18.2
     Lair:2 |    5956 |     692 |  10.4 |      23 |       6 |  20.7
     Lair:3 |    7998 |     641 |   7.4 |      38 |       2 |   5.0
     Lair:4 |    3167 |    8246 |  72.3 |      12 |      16 |  57.1
     Lair:5 |    2465 |    1245 |  33.6 |      10 |       8 |  44.4
     Lair:6 |   10407 |    6360 |  37.9 |      14 |      24 |  63.2
      Orc:1 |    2886 |     140 |   4.6 |      43 |       2 |   4.4
      Orc:2 |    3347 |    2593 |  43.7 |      38 |      36 |  48.6
    Volcano |       0 |    6670 | 100.0 |       0 |      11 | 100.0
            +---------+---------+-------+---------+---------+-------
